 Dungeon Crawl Stone Soup version 0.30-a0-365-ge7f957f1db (webtiles) character file.

Game seed: 2183397170569782496

15434 Jackthecabe the Fighter (level 12, 0/97 HPs)
             Began as a Demonspawn Fire Elementalist on Nov 18, 2022.
             Was an Elder of Vehumet.
             Slain by a bog body (16 damage)
             ... on level 2 of the Lair of Beasts.
             The game lasted 00:58:55 (18596 turns).

Jackthecabe the Fighter (DsFE)                     Turns: 18596, Time: 00:58:55

Health: 0/97       AC:  5    Str: 11    XL:     12   Next: 1%
Magic:  11/18      EV: 13    Int: 25    God:    Vehumet [****..]
Gold:   583        SH:  0    Dex: 10    Spells: 1/19 levels left

rFire   + + .      SeeInvis +    s - +7 rapier of the Tent {freeze, Will+ Str+3 Dex-4 Stlth+}
rCold   + + .      Faith    .    (no shield)
rNeg    . . .      Spirit   .    U - +2 robe of Depression {Rampage rF+ Int+3}
rPois   .          Reflect  .    (helmet restricted)
rElec   .          Harm     .    K - scarf {rC+ rF+}
rCorr   .          Rampage  +    (no gloves)
Will    +....                    (no boots)
Stlth   +++.......               (no amulet)
HPRegen 0.36/turn                C - ring of protection from cold
MPRegen 0.16/turn                v - ring of see invisible

@: no status effects
A: horns 1, rugged brown scales 1, ignite blood 3, demonic magic 2
a: Renounce Religion


You were on level 2 of the Lair of Beasts.
You worshipped Vehumet.
Vehumet was greatly pleased with you.
You visited 3 branches of the dungeon, and saw 14 of its levels.
You also visited: Ossuary and Bailey.

You collected 803 gold pieces.
You spent 220 gold pieces at shops.


Innate Abilities, Weirdness & Mutations

You have a pair of small horns on your head.
You are partially covered in rugged brown scales. (AC +1, +3% HP)
Your demonic aura causes all spilled blood to erupt in flames.
Spells you cast may paralyse nearby enemies.


   Skills:
 - Level 9.0 Fighting
 - Level 6.0 Armour
 + Level 5.4 Dodging
 - Level 1.7 Stealth
 - Level 4.0 Spellcasting
 - Level 7.0 Conjurations
 - Level 4.0 Translocations
 - Level 6.0 Transmutations
 - Level 7.0 Fire Magic
 - Level 4.0 Air Magic
 - Level 4.0 Poison Magic
 - Level 4.0 Evocations


You had one spell level left.
You knew the following spells:

 Your Spells              Type           Power      Damage    Failure   Level
f - Foxfire               Conj/Fire      100%       2x1d9     1%          1
i - Irradiate             Conj/Tmut      18%        3d17      4%          5
p - Poisonous Vapours     Pois/Air       50%        N/A       1%          2
s - Searing Ray           Conj           80%        2d7       1%          2
X - Scorch                Fire           80%        2d9       1%          2
Y - Kindle Blastsparks    Fire/Tloc/Air  60%        2d15      1%          3
Z - Ignite Poison         Fire/Tmut/Pois 33%        N/A       1%          3

Your spell library contained the following spells:

 Spells                   Type           Power      Damage    Failure   Level
 Iskenderun's Mystic Bla  Conj/Tloc      32%        2d8       2%          4
 Shock                    Conj/Air       100%       1d9       1%          1
 Necrotise                Necr           20%        1d5       9%          1
 Summon Small Mammal      Summ           20%        N/A       9%          1
 Inner Flame              Hex/Fire       22%        N/A       1%          3
 Mephitic Cloud           Conj/Pois/Air  30%        N/A       1%          3
 Flame Wave               Conj/Fire      40%        2d11      1%          4
 Cigotuvi's Dreadful Rot  Necr/Pois/Air  36%        N/A       4%          2
 Airstrike                Air            12%        2d(2-18)  4%          4
 Swiftness                Air            25%        N/A       5%          3
 Sublimation of Blood     Necr           5%         N/A       14%         2
 Call Canine Familiar     Summ           5%         N/A       26%         3
 Ozocubu's Armour         Ice            5%         N/A       26%         3
 Summon Guardian Golem    Hex/Summ       5%         N/A       26%         3
 Vampiric Draining        Necr           5%         2d6       26%         3
 Petrify                  Tmut/Erth      20%        N/A       26%         4
 Summon Lightning Spire   Summ/Air       15%        N/A       36%         4
 Agony                    Necr           5%         N/A       94%         5
 Ozocubu's Refrigeration  Ice            2%         4d8       100%        7
 Storm Form               Tmut/Air       15%        N/A       100%        7
 Maxwell's Capacitive Co  Air            12%        ∞         100%        8

Inventory:

Hand Weapons
 m - a +2 long sword of protection
 s - the +7 rapier of the Tent (weapon) {freeze, Will+ Str+3 Dex-4 Stlth+}
   (You found it on level 4 of the Dungeon)

   It freezes those it strikes, dealing additional cold damage.
   It can also slow down cold-blooded creatures.
   Str:       It affects your strength (+3).
   Dex:       It affects your dexterity (-4).
   Will:      It increases your willpower.
   Stlth:     It makes you more stealthy.
 O - the +6 mace of Asilo {venom, rC++ Str+4 Int+3}
   (You found it on level 8 of the Dungeon)

   It poisons the flesh of those it strikes.
   Str:       It affects your strength (+4).
   Int:       It affects your intelligence (+3).
   rC:        It greatly protects you from cold.
Missiles
 t - 3 throwing nets {=f}
Armour
 k - the +1 scale mail of the Fiddle {Int+5}
   (You found it on level 2 of the Dungeon)

   Int:       It affects your intelligence (+5).
 A - the +1 ring mail of Demonic Wonder {rC+}
   (You found it on level 6 of the Dungeon)

   rC:        It protects you from cold.
 H - a +0 buckler
 K - a scarf of resistance (worn)
 N - a +0 pair of boots
 R - an orb of guile
 U - the +2 robe of Depression (worn) {Rampage rF+ Int+3}
   (You found it on level 10 of the Dungeon)

   Int:       It affects your intelligence (+3).
   rF:        It protects you from fire.
   Rampage:   It bestows one free step when moving towards enemies.
Magical Staves
 y - a staff of poison {!a}
Jewellery
 v - a ring of see invisible (right hand)
 C - a ring of protection from cold (left hand)
 G - an amulet of faith {!P}
 M - a ring of magical power
 T - an amulet of guardian spirit
Wands
 B - a wand of iceblast (13)
 I - a wand of charming (7)
 J - a wand of acid (21)
 Q - a wand of polymorph (7)
 V - a wand of digging (7)
Scrolls
 c - 4 scrolls of enchant armour
 e - 3 scrolls of identify {@r1}
 f - 4 scrolls of amnesia
 l - 2 scrolls of fear
 n - 3 scrolls of enchant weapon
 o - 8 scrolls of teleportation {@r2}
 q - a scroll of immolation
 u - 2 scrolls of poison
 w - 6 scrolls of blinking
 z - a scroll of butterflies
 D - 4 scrolls of magic mapping
 P - a scroll of summoning
 S - a scroll of vulnerability
Potions
 a - a potion of attraction {unknown}
 b - a potion of magic
 d - 3 potions of brilliance
 g - 6 potions of curing {@q1}
 h - a potion of haste {unknown}
 i - 3 potions of lignification
 j - a potion of resistance
 p - 2 potions of mutation
 r - a potion of invisibility {unknown}
 x - 5 potions of cancellation
 E - 6 potions of heal wounds {@q2}
 F - 3 potions of might
 L - a potion of flight

Dungeon Overview and Level Annotations

Branches:
Dungeon (11/15)            Temple (1/1) D:7            Lair (2/5) D:9
    Orc (0/2) D:10        Ossuary (visited)          Bailey (visited)
  Swamp: Lair:2-3    Shoals: Lair:2-3     Snake: Lair:2-3    Spider: Lair:2-3

Altars:
Ashenzari
Cheibriados
Dithmenos
Fedhas
Gozag
Hepliaklqana
Kikubaaqudgha
Makhleb
Nemelex Xobeh
Okawaru
Qazlal
Ru
Sif Muna
Trog
Uskayaw
Vehumet
Wu Jian
Xom
Yredelemnul

Shops:
D:3 *?*=

Annotations:
D:3 Grinder

..#.##..#
#.##...# #
#....
####hhh#
#P..## #.SS##
#P... ###h#
##...# #.##
#...D# #..#
##...# #.##
#P..#######.#
#.Dl@n.hh..#
#...l.Shhh..#
##.####h..#.#
... ..S....#
....
.......#.#
.....
#........#
....
#......#.#
....
.......P.P


You could see 2 komodo dragons, a bog body, a black mamba, a steam dragon, a
water moccasin and 6 wolves.


Message History

* * * LOW HITPOINT WARNING * * *
Unknown command.
Your magical effects are unravelling.
You feel magically purged.
You feel yourself speed up.
A nearby fungus withers and dies.
The bog body closely misses you.
The bog body is engulfed in blazing flames.
The bog body gestures at you while chanting.
The bolt of cold hits you. You resist.
* * * LOW HITPOINT WARNING * * *
You hear a sizzling sound!
The komodo dragon is engulfed in blazing flames.
The komodo dragon bites you!
* * * LOW HITPOINT WARNING * * *
The komodo dragon bites you.
* * * LOW HITPOINT WARNING * * *
The bog body gestures at you while chanting.
You resist with almost no effort.
You feel much better.
The bog body is engulfed in blazing flames.
You destroy the bog body!
Vehumet accepts your kill.
You feel your power returning.
The komodo dragon is engulfed in blazing flames.
The komodo dragon bites you!
* * * LOW HITPOINT WARNING * * *
The komodo dragon is engulfed in blazing flames.
The komodo dragon completely misses you.
The bog body touches you!
You die...

Skill      XL: |  1  2  3  4  5  6  7  8  9 10 11 |
---------------+----------------------------------+-----
Fire Magic     | 3 4 5 6 7 |  7.0
Spellcasting   | 3 4 |  4.0
Fighting       | 4 5 6 9 |  9.0
Armour         | 3 4 5 6 |  6.0
Dodging        | 4 5 |  5.4
Evocations     | 4 |  4.0
Translocations | 2 4 |  4.0
Air Magic      | 2 4 |  4.0
Conjurations   | 4 5 7 |  7.0
Poison Magic   | 4 |  4.0
Transmutations | 4 6 |  6.0
Stealth        | |  1.7

Action                   |  1- 3 |  4- 6 |  7- 9 | 10-12 || total
-------------------------+-------+-------+-------+-------++-------
Melee: Unarmed           |    25 |       |       |       ||    25
       Long sword        |    13 |    95 |       |       ||   108
       Rapier            |       |    34 |   160 |    79 ||   273
       Punch             |       |       |     1 |     2 ||     3
       Headbutt          |       |       |       |    11 ||    11
 Cast: Foxfire           |    45 |    25 |    33 |     9 ||   112
       Scorch            |     5 |    30 |    90 |    70 ||   195
       Searing Ray       |       |       |    16 |    13 ||    29
       Kindle Blastspark |       |       |     7 |    53 ||    60
       Poisonous Vapours |       |       |       |    64 ||    64
       Ignite Poison     |       |       |       |    44 ||    44
Evoke: Wand              |       |       |       |     4 ||     4
  Use: Scroll            |       |       |     9 |     8 ||    17
       Potion            |       |       |       |     8 ||     8
 Stab: Paralysed         |     5 |     1 |    16 |     7 ||    29
       Sleeping          |       |     1 |     2 |       ||     3
       Distracted        |       |       |       |     1 ||     1
Armor: Robe              |     7 |       |       |    10 ||    17
       Scale mail        |    13 |    81 |       |       ||    94
       Ring mail         |       |     4 |    97 |    28 ||   129
Dodge: Dodged            |    36 |    76 |   135 |   118 ||   365

Levels and vault maps discovered:
D:1:      grunt_arrival_crossed_arrows, layout_basic,
          hellmonk_ecumenical_altar_dog_temple, minmay_misc_feat_ornament,
          hangedman_abyss_or_decor_lesser_grid, chequers_serial_rivers_micro_d,
          minmay_crystal_water, minmay_shallow_snake_nest
D:2:      layout_loops_ring
D:3:      layout_loops_ring, serial_shops, shop, nicolae_square_shop, shop,
          nicolae_shop_hallway_stairs, serial_park_tiny_pond,
          nicolae_underground_beach, uniq_grinder
D:4:      minmay_octagon_keep, layout_loops_ring, kennysheep_generic_room_8
D:5:      layout_basic
D:6:      layout_basic
D:7:      layout_basic, temple_pool_b, kennysheep_cluttered_room, uniq_menkaure
D:8:      layout_gridville, enter_ossuary_1, minmay_misc_feat_four_crosses,
          uniq_maurice, uniq_prince_ribbit1
D:9:      layout_gridville, minmay_lair_entry_lava, serial_rivers,
          chequers_serial_rivers_micro_e, chequers_serial_rivers_small_a,
          chequers_serial_rivers_micro_d, chequers_serial_rivers_micro_c,
          chequers_serial_rivers_small_a, chequers_serial_rivers_micro_c,
          enter_bailey_5
D:10:     layout_roguey, mainiacjoe_overflow_alcove_2, erik_orc_2
D:11:     layout_basic
Temple:   grunt_wide_crystal_templ
Lair:1:   layout_regular_city, gammafunk_lair_bear_cave, uniq_grum, uniq_amaemon
Lair:2:   layout_chaotic_city, skrybe_swamp_entry_bodies, beast_lair_carwin_5,
          grunt_megastairs_4

Notes
Turn   | Place    | Note
-------+----------+-------------------------------------------
     0 | D:1      | Jackthecabe the Demonspawn Fire Elementalist began the
                  | quest for the Orb.
     0 | D:1      | Reached XP level 1. HP: 13/13 MP: 3/3
   237 | D:1      | Reached skill level 3 in Fire Magic
   370 | D:1      | Gained mutation: Spells you cast may paralyse adjacent
                  | enemies. [demonic ancestry]
   370 | D:1      | Reached XP level 2. HP: 19/19 MP: 0/5
   572 | D:1      | Found a faded altar of an unknown god.
   675 | D:1      | Learned a level 2 spell: Scorch
  1307 | D:2      | Reached skill level 4 in Fire Magic
  1307 | D:2      | Gained mutation: Spells you cast may paralyse nearby
                  | enemies. [demonic ancestry]
  1307 | D:2      | Reached XP level 3. HP: 24/24 MP: 2/6
  1638 | D:2      | Identified the +1 scale mail of the Fiddle {Int+5}
  1882 | D:2      | Gained mutation: You are partially covered in rugged brown
                  | scales. (AC +1, +3% HP) [demonic ancestry]
  1882 | D:2      | Reached XP level 4. HP: 23/30 MP: 7/7
  2235 | D:3      | Noticed Grinder
  2369 | D:3      | Found Hacyjosm's Assorted Antiques.
  2490 | D:3      | Found Wigolom's Magic Scroll Boutique.
  2506 | D:3      | Bought a scroll of identify for 20 gold pieces
  2629 | D:4      | Reached skill level 5 in Fire Magic
  2968 | D:4      | Gained mutation: Your demonic aura sometimes causes spilled
                  | blood to erupt in flames. [demonic ancestry]
  2968 | D:4      | Reached XP level 5. HP: 18/36 MP: 1/8
  3300 | D:4      | Identified the +7 rapier of the Tent {freeze, Will+ Str+3
                  | Dex-4 Stlth+}
  3621 | D:4      | Reached skill level 6 in Fire Magic
  3674 | D:5      | Entered Level 5 of the Dungeon
  3921 | D:5      | Reached XP level 6. HP: 24/42 MP: 4/9
  4060 | D:5      | Reached skill level 3 in Spellcasting
  4798 | D:6      | Noticed an ice beast
  4807 | D:6      | Killed an ice beast
  4842 | D:6      | Identified the +1 ring mail of Demonic Wonder {rC+}
  5250 | D:6      | Reached skill level 7 in Fire Magic
  5250 | D:6      | Reached XP level 7. HP: 47/47 MP: 3/11
  5330 | D:6      | Reached skill level 1 in Fighting
  5394 | D:6      | Reached skill level 2 in Fighting
  5557 | D:6      | Reached skill level 3 in Fighting
  5912 | D:6      | Reached skill level 4 in Fighting
  5912 | D:6      | Reached skill level 1 in Armour
  6106 | D:6      | Reached skill level 2 in Armour
  6209 | D:6      | Reached skill level 3 in Armour
  6209 | D:6      | Reached XP level 8. HP: 52/61 MP: 12/12
  6332 | D:7      | Noticed a hornet
  6341 | D:7      | Killed a hornet
  6342 | D:7      | Reached skill level 4 in Armour
  6342 | D:7      | Reached skill level 2 in Dodging
  6418 | D:7      | Found a staircase to the Ecumenical Temple.
  6453 | Temple   | Entered the Ecumenical Temple
  6530 | Temple   | Became a worshipper of Vehumet
  6774 | D:7      | Reached skill level 3 in Dodging
  6893 | D:7      | Noticed Menkaure
  7077 | D:7      | Reached skill level 4 in Dodging
  7141 | D:7      | Reached skill level 1 in Evocations
  7155 | D:6      | Reached skill level 2 in Evocations
  7310 | D:6      | Reached skill level 3 in Evocations
  7401 | D:7      | Reached skill level 4 in Evocations
  7406 | D:7      | Learned a level 3 spell: Kindle Blastsparks
  7547 | D:7      | Reached skill level 1 in Translocations
  7547 | D:7      | Reached skill level 1 in Air Magic
  7747 | D:7      | Identified a scarf of resistance
  7907 | D:7      | Killed Menkaure
  7908 | D:7      | Reached skill level 2 in Translocations
  7908 | D:7      | Reached skill level 2 in Air Magic
  7908 | D:7      | Gained mutation: Your demonic aura often causes spilled
                  | blood to erupt in flames. [demonic ancestry]
  7908 | D:7      | Reached XP level 9. HP: 36/66 MP: 4/13
  8149 | D:7      | Noticed a cyclops
  8511 | D:8      | Reached skill level 3 in Translocations
  8511 | D:8      | Reached skill level 3 in Air Magic
  8563 | D:8      | Found a sand-covered staircase.
  8575 | Ossuary  | Entered an ossuary
  8613 | Ossuary  | Reached * piety under Vehumet
  8613 | Ossuary  | Offered knowledge of Shock by Vehumet.
  9464 | D:8      | Identified the +6 mace of Asilo {venom, rC++ Str+4 Int+3}
  9653 | D:8      | Offered knowledge of Searing Ray by Vehumet.
  9659 | D:8      | Reached ** piety under Vehumet
  9717 | D:8      | Noticed Prince Ribbit
  9729 | D:8      | Killed Prince Ribbit
  9730 | D:8      | Reached skill level 4 in Translocations
  9730 | D:8      | Reached skill level 4 in Air Magic
  9913 | D:8      | Reached skill level 4 in Spellcasting
  9954 | D:8      | Learned a level 2 spell: Searing Ray
 10028 | D:8      | Reached skill level 2 in Conjurations
 10313 | D:8      | Noticed Maurice
 10441 | D:9      | Reached skill level 3 in Conjurations
 10524 | D:9      | Found a flagged portal.
 10534 | D:9      | Reached skill level 4 in Conjurations
 10720 | D:8      | Offered knowledge of Ignite Poison by Vehumet.
 10765 | Bailey   | Entered a bailey
 10792 | Bailey   | Reached skill level 5 in Fighting
 10833 | Bailey   | Gained mutation: You have a pair of small horns on your
                  | head. [demonic ancestry]
 10833 | Bailey   | Reached XP level 10. HP: 49/76 MP: 6/16
 10851 | Bailey   | Reached *** piety under Vehumet
 10856 | Bailey   | Reached skill level 6 in Fighting
 10860 | Bailey   | Learned a level 3 spell: Ignite Poison
 10863 | Bailey   | Learned a level 2 spell: Poisonous Vapours
 11107 | Bailey   | Reached skill level 5 in Armour
 11107 | Bailey   | Reached skill level 1 in Poison Magic
 11233 | Bailey   | Noticed a vault guard
 11240 | Bailey   | Reached skill level 2 in Poison Magic
 11318 | Bailey   | Killed a vault guard
 11319 | Bailey   | Reached skill level 4 in Poison Magic
 11461 | Bailey   | Noticed a vault guard
 11477 | Bailey   | Killed a vault guard
 11478 | Bailey   | Reached skill level 5 in Dodging
 11689 | D:9      | Reached skill level 5 in Conjurations
 11689 | D:9      | Reached skill level 1 in Transmutations
 11728 | D:9      | Offered knowledge of Sticky Flame by Vehumet.
 12026 | D:9      | Found a staircase to the Lair.
 12150 | D:9      | Reached skill level 2 in Transmutations
 12460 | D:9      | Reached skill level 3 in Transmutations
 13055 | D:9      | Noticed a fire crab
 13072 | D:9      | Killed a fire crab
 13073 | D:9      | Reached skill level 4 in Transmutations
 13073 | D:9      | Gained mutation: Your demonic aura causes all spilled blood
                  | to erupt in flames. [demonic ancestry]
 13073 | D:9      | Reached XP level 11. HP: 85/85 MP: 7/17
 13205 | D:10     | Entered Level 10 of the Dungeon
 13224 | D:10     | Reached **** piety under Vehumet
 13230 | D:10     | Reached skill level 7 in Fighting
 13629 | D:10     | Reached skill level 8 in Fighting
 13651 | D:10     | Learned a level 5 spell: Irradiate
 13780 | D:10     | Offered knowledge of Iskenderun's Mystic Blast by Vehumet.
 14132 | D:10     | Reached skill level 5 in Transmutations
 14195 | D:10     | Found a staircase to the Orcish Mines.
 14498 | D:10     | Identified the +2 robe of Depression {Rampage rF+ Int+3}
 15035 | D:10     | Identified 2 potions of resistance
 15218 | D:11     | Reached ***** piety under Vehumet
 15767 | D:3      | Found Temuhiakh's Jewellery Emporium.
 15822 | D:3      | Found Tucwoen's Assorted Antiques.
 16259 | D:3      | Bought a scroll of teleportation for 30 gold pieces
 16259 | D:3      | Bought a scroll of blinking for 75 gold pieces
 16259 | D:3      | Bought a scroll of identify for 20 gold pieces
 16259 | D:3      | Bought a scroll of magic mapping for 75 gold pieces
 16651 | D:8      | Killed Maurice
 16813 | Lair:1   | Entered Level 1 of the Lair of Beasts
 16900 | Lair:1   | Noticed Grum
 16904 | Lair:1   | Reached skill level 6 in Transmutations
 16906 | Lair:1   | Reached skill level 6 in Conjurations
 16913 | Lair:1   | Killed Grum
 16935 | Lair:1   | Reached skill level 6 in Armour
 17470 | Lair:1   | Noticed Amaemon
 17503 | Lair:1   | Reached skill level 7 in Conjurations
 17710 | Lair:1   | Killed Amaemon
 18032 | Lair:1   | Reached skill level 9 in Fighting
 18584 | Lair:2   | Reached XP level 12. HP: 95/97 MP: 9/18
 18595 | Lair:2   | HP: 6/97 [komodo dragon (15)]
 18596 | Lair:2   | Slain by a bog body

Vanquished Creatures
  2 vault guards (Bailey)
  Amaemon (Lair:1)
  A fire crab (D:9)
  A bog body (Lair:2)
  Maurice (D:8)
  An orange demon (Lair:1)
  2 komodo dragons (Lair:1)
  2 trolls (D:11)
  4 polar bears
  A hornet (D:7)
  A blink frog (Bailey)
  Prince Ribbit (D:8)
  2 wraiths (D:10)
  A shadow (D:10)
  14 yaks
  3 wyverns
  A basilisk (Lair:1)
  5 humans (Bailey)
  Grum (Lair:1)
  Menkaure (D:7)
  A steam dragon (D:9)
  An acid dragon (D:8)
  3 water moccasins
  2 sky beasts
  An ogre (D:6)
  5 orc warriors
  An ice beast (D:6)
  2 black bears
  4 wolves
  A centaur (D:11)
  An elf zombie (Ossuary)
  A gnoll sergeant (D:9)
  14 bullfrogs
  4 necrophages (D:6)
  A scorpion (D:6)
  8 wights
  21 killer bees
  5 howler monkeys
  5 electric eels
  A centaur zombie (Ossuary)
  A hound (D:7)
  A jelly (D:5)
  3 gnoll boudas (D:8)
  2 human zombies (Ossuary)
  7 orc priests
  4 iguanas
  10 orc wizards
  2 mummies (Ossuary)
  27 gnolls
  5 adders
  3 white imps
  5 worms
  3 dart slugs (D:2)
  38 orcs
  16 ball pythons
  7 endoplasms
  3 giant cockroaches
  11 goblins
  4 hobgoblins
  15 jackals
  6 quokkas
  7 bats
  3 goblin zombies (Ossuary)
  7 hobgoblin zombies (Ossuary)
  A jackal zombie (Ossuary)
  8 kobolds
  8 kobold zombies (Ossuary)
  11 orc zombies (Ossuary)
  3 rats (D:2)
  A rat zombie (Ossuary)
  A bush (Lair:1)
351 creatures vanquished.

Vanquished Creatures (others)
  195 foxfires
  2 fungi
  2 plants (Lair:1)
199 creatures vanquished.

Grand Total: 550 creatures vanquished

Table legend: (Time is in decaauts)
 A = Elapsed time spent in this place.
 B = Non-inter-level travel time spent in this place.
 C = Inter-level travel time spent in this place.
 D = Time resting spent in this place.
 E = Time spent auto-exploring this place.
 F = Levels seen in this place.
 G = Mean time per level.
                   A        B        C        D        E       F      G
               +--------+--------+--------+--------+--------+-----+--------+
         Total |  18756 |  17774 |    982 |   3487 |  10781 |  16 | 1172.2 |
       Dungeon |  15233 |  14316 |    917 |   2815 |   8844 |  11 | 1384.8 |
        Temple |     86 |     54 |     32 |      0 |     37 |   1 |   86.0 |
          Lair |   1790 |   1758 |     32 |    156 |   1270 |   2 |  895.0 |
       Ossuary |    742 |    742 |      0 |    331 |    169 |   1 |  742.0 |
        Bailey |    904 |    904 |      0 |    185 |    461 |   1 |  904.0 |
               +--------+--------+--------+--------+--------+-----+--------+

Top non-repeatable levels by time:
     D:8: 2155 daAuts
     D:6: 2092 daAuts
    D:10: 1798 daAuts
  Lair:1: 1736 daAuts
     D:7: 1467 daAuts
     D:1: 1300 daAuts
     D:9: 1297 daAuts
     D:5: 1262 daAuts
     D:4: 1254 daAuts
     D:3: 1015 daAuts
     D:2: 962 daAuts
  Bailey: 904 daAuts
 Ossuary: 742 daAuts
    D:11: 628 daAuts
  Temple: 86 daAuts

Table legend:
 A = Non-vault XP
 B = Vault XP
 C = Vault XP percentage of total XP
 D = Non-vault monster count
 E = Vault monster count
 F = Vault count percentage of total count
                 A         B        C        D         E       F
            +---------+---------+-------+---------+---------+-------
      Total |   12772 |    9938 |  43.8 |     235 |     115 |  32.9
            +---------+---------+-------+---------+---------+-------
        D:1 |      31 |       9 |  22.5 |      19 |       5 |  20.8
        D:2 |      66 |       0 |   0.0 |      20 |       0 |   0.0
        D:3 |      18 |       0 |   0.0 |       8 |       0 |   0.0
        D:4 |     155 |      66 |  29.9 |      24 |       9 |  27.3
        D:5 |     167 |       0 |   0.0 |      17 |       0 |   0.0
        D:6 |    1387 |       0 |   0.0 |      26 |       0 |   0.0
        D:7 |     964 |     172 |  15.1 |      10 |       1 |   9.1
        D:8 |    1266 |     741 |  36.9 |      36 |       3 |   7.7
        D:9 |    1521 |     768 |  33.6 |      30 |       4 |  11.8
       D:10 |    3431 |     655 |  16.0 |      27 |      20 |  42.6
       D:11 |     707 |       0 |   0.0 |       3 |       0 |   0.0
     Lair:1 |    2691 |    2497 |  48.1 |      13 |      10 |  43.5
     Lair:2 |     368 |     776 |  67.8 |       2 |       2 |  50.0
    Ossuary |       0 |     287 | 100.0 |       0 |      37 | 100.0
     Bailey |       0 |    3967 | 100.0 |       0 |      24 | 100.0
            +---------+---------+-------+---------+---------+-------
